 Dungeon Sprint DCSS version 0.19.1-1-g22dce08 (webtiles) character file.

254 Angani the Grappler (level 5, -3/53 HPs)
             Began as a Troll Berserker on Jan 18, 2017.
             Was a Believer of Trog.
             Slain by a flying skull (6 damage)
             ... in the Dungeon (Sprint II: "The Violet Keep of Menkaure").
             The game lasted 00:00:33 (62 turns).

Angani the Grappler (Troll Berserker)                 Turns: 62, Time: 00:00:33

Health: -3/53      AC:  5    Str: 26    XL:     5   Next: 91%
Magic:  4/4        EV: 12    Int:  3    God:    Trog [**....]
Gold:   243        SH:  0    Dex:  9    Spells: 0 memorised, 4 levels left

rFire  . . .     SeeInvis .       - Unarmed
rCold  . . .     Gourm    +     a - +0 animal skin
rNeg   . . .     Faith    .     (no shield)
rPois  .         Spirit   .     (helmet restricted)
rElec  .         Reflect  .     (no cloak)
rCorr  .         Harm     .     (gloves unavailable)
MR     .....     NoTele   +     (boots unavailable)
Stlth  +.........               (no amulet)
                                (no ring)
                                (no ring)

@: exhausted, slowed, very slow
A: unfitting armour, claws 3, fast metabolism 3, frail 1, gourmand, regeneration
1, shaggy fur 1, tough skin 2
a: Berserk, Trog's Hand, Burn Spellbooks, Renounce Religion


You were in the Dungeon.
You worshipped Trog.
Trog was pleased with you.
You were full.

You visited 1 branch You collected 243 gold pieces.

Inventory:

Armour
 a - a +0 animal skin (worn)
Scrolls
 h - a scroll of blinking
Potions
 c - a potion of curing
 d - a potion of heal wounds
 e - a potion of haste
 f - 2 potions of magic
 g - a potion of berserk rage
Comestibles
 b - 2 bread rations


   Skills:
 + Level 5.6 Fighting
 + Level 5.5 Dodging
 * Level 9.3 Unarmed Combat


You had 4 spell levels left.
You didn't know any spells.

Dungeon Overview and Level Annotations

Branches:
Dungeon (1/1)

Altars:


Innate Abilities, Weirdness & Mutations

You are too large for most types of armour.
You have claws for hands.
Your metabolism is lightning-fast.
You like to eat raw meat.
Your natural rate of healing is unusually fast.
You are covered in fur. (AC +1)
You have very tough skin. (AC +2)
You are frail. (-10% HP)


Message History

Unknown command.
You closely miss the flying skull.
The flying skull is lightly damaged.
The flying skull hits you!
* * * LOW HITPOINT WARNING * * *
Unknown command.
You scratch the flying skull.
The flying skull is moderately damaged.
The flying skull hits you but does no damage.
The flying skull closely misses you.
You closely miss the flying skull.
The flying skull is moderately damaged.
The flying skull barely misses you.
The flying skull hits you but does no damage.
You closely miss the flying skull.
The flying skull is moderately damaged.
The flying skull hits you.
* * * LOW HITPOINT WARNING * * *
The flying skull hits you.
You die... ## ## .# #. # H#H

##. #+#
#$.w##.####
#+.<.+.##+
#..w##.##...#
##. #'###.##
# ####@####
#..##z#
#.3.## ##'##
≈3z #§zz#
#≈§.z #§§z§z
+§§≈§§≈


You could see a flying skull.

Vanquished Creatures
  2 neqoxecs (D)
  2 worms (D)
4 creatures vanquished.

Vanquished Creatures (others)
  A crocodile (D)
1 creature vanquished.

Grand Total: 5 creatures vanquished

Notes
Turn   | Place    | Note
-------+----------+-------------------------------------------
     0 | D        | Angani the Troll Berserker began the quest for the Orb.
     0 | D        | Reached XP level 1. HP: 22/22 MP: 0/0
     1 | D        | Noticed a hippogriff
     1 | D        | Noticed a hippogriff
     5 | D        | Noticed a tyrant leech
     5 | D        | Noticed a tyrant leech
    18 | D        | Reached skill level 4 in Unarmed Combat
    35 | D        | Noticed a neqoxec
    37 | D        | Noticed a neqoxec
    43 | D        | Killed a neqoxec
    43 | D        | Reached ** piety under Trog
    43 | D        | Reached skill level 7 in Unarmed Combat
    43 | D        | Reached XP level 2. HP: 33/33 MP: 1/1
    43 | D        | Reached XP level 3. HP: 40/40 MP: 2/2
    43 | D        | Reached XP level 4. HP: 49/49 MP: 3/3
    48 | D        | Killed a neqoxec
    48 | D        | Reached skill level 5 in Fighting
    48 | D        | Reached skill level 5 in Dodging
    48 | D        | Reached skill level 9 in Unarmed Combat
    48 | D        | Reached XP level 5. HP: 59/59 MP: 4/4
    49 | D        | Killed a crocodile
    50 | D        | Noticed a neqoxec
    50 | D        | Noticed a flying skull
    50 | D        | Noticed a flying skull
    51 | D        | Noticed a neqoxec
    51 | D        | Noticed a flying skull
    51 | D        | Noticed a flying skull
    51 | D        | Noticed a flying skull
    52 | D        | Noticed a flying skull
    52 | D        | Noticed a flying skull
    52 | D        | Gained mutation: You are frail. (-10% HP) [a neqoxec]
    59 | D        | HP: 2/53 [flying skull (13)]
    62 | D        | Slain by a flying skull

Skill      XL: |  1  2  3  4 |
---------------+-------------+-----
Unarmed Combat | 7 9 |  9.3
Fighting       | 4 5 |  5.6
Dodging        | 4 5 |  5.5

Action                   |  1- 3 |  4- 6 || total
-------------------------+-------+-------++-------
Melee: Unarmed           |    12 |    13 ||    25
Invok: Berserk           |     1 |       ||     1
  Eat: Chunk             |     3 |       ||     3
Armor: Animal skin       |       |     2 ||     2
Dodge: Dodged            |     3 |     8 ||    11
